 Dungeon Crawl Stone Soup version 0.16.2-12-gd0ad4c3 (webtiles) character file.

35 hannobal the Slasher (level 3, -2/24 HPs)
             Began as a High Elf Skald on Oct 18, 2015.
             Slain by a gnoll
             ... wielding a +0 whip
              (6 damage)
             ... on level 1 of the Dungeon.
             The game lasted 00:06:09 (1966 turns).

hannobal the Slasher (High Elf Skald)               Turns: 1966, Time: 00:06:09

Health: -2/24      AC:  5    Str: 17    XL:     3   Next: 16%
Magic:  8/8        EV: 11    Int: 16    God:
Gold:   64         SH:  0    Dex: 14    Spells: 1 memorised, 5 levels left

rFire  . . .     SeeInvis .     a - +0 falchion
rCold  . . .     Clarity  .     b - +1 leather armour
rNeg   . . .     SustAb   .     (no shield)
rPois  .         Gourm    .     l - +0 helmet
rElec  .         Spirit   .     (no cloak)
rCorr  .         Warding  .     (no gloves)
rMut   .         Stasis   .     (no boots)
MR     .....                    (no amulet)
Stlth  +.........               (no ring)
                                (no ring)

@: mighty, drained, not resistant to hostile enchantments, very unstealthy
A: no striking features
a: no special abilities


You were on level 1 of the Dungeon.
You were not hungry.

You visited 1 branch of the dungeon, and saw 2 of its levels.

You collected 64 gold pieces.

Inventory:

Hand weapons
 a - a +0 falchion (weapon)
 i - a +0 dagger
 j - a +2 whip of draining
 q - a +0 spear
Missiles
 e - 8 poisoned sling bullets
 f - 45 stones (quivered)
 h - 10 poisoned needles
 k - 15 arrows
 o - 8 sling bullets
Armour
 b - a +1 leather armour (worn)
 l - a +0 helmet (worn)
Scrolls
 g - a scroll of teleportation
 n - 2 scrolls of remove curse
Books
 c - a book of Battle

   Spells                             Type                      Level
   a - Infusion                       Charms                       1
   b - Shroud of Golubria             Charms/Translocation         2
   c - Song of Slaying                Charms                       2
   d - Spectral Weapon                Hexes/Charms                 3
   e - Regeneration                   Charms/Necromancy            3
Comestibles
 d - a bread ration {@e1}
 p - a chunk of flesh {@w0}


   Skills:
 - Level 2.0(1.7) Fighting
 + Level 4.4(4.1) Long Blades
 - Level 0.8(0.5) Armour
 - Level 1.1(0.8) Dodging
 - Level 2.4(2.1) Spellcasting
 - Level 3.6(3.3) Charms


You had 5 spell levels left.
You knew the following spells:

 Your Spells              Type           Power        Failure   Level  Hunger
a - Infusion              Chrm           ##....       10%         1    #......


Dungeon Overview and Level Annotations

Branches:
Dungeon (2/15)

Altars:
Cheibriados
Fedhas
Kikubaaqudgha
Yredelemnul


Message History

The gnoll closely misses you. The gnoll barely misses you.
You feel yourself speed up. The gnoll hits you with a whip!
* * * LOW HITPOINT WARNING * * *
You see here a hobgoblin skeleton.
A goblin comes into view.
The goblin shouts!
There is a stone staircase leading up here.
The gnoll hits you with a whip.
* * * LOW HITPOINT WARNING * * *
You climb upwards.
There is a stone staircase leading down here.
Drink which item? (? for menu, Esc to quit)
You feel very mighty all of a sudden. The gnoll closely misses you.
You barely miss the gnoll.
The gnoll is moderately wounded.
The gnoll hits you with a whip.
You die...

##..## ##.............#.#.....#.#
.#...###........##....##...##...#
##.............#...#....#....##.#
.#..)...............#.....##...##
#################################
# #.# ### ### ### #.# #.# #.# #
..# #.#####g## #.# ## #.#
#.....@..## #.# #. #.#
#######.#.###.# #. ..#
#..###.##.# #. #.# ########.##
##.#.######### #.# #.......##
##........... #.# #.######.##
##.##.######## #.# #.#
#..###.###.# # #.######.#
#.#.#.## #.######## #........#
#.##.## #.##......


You could see a gnoll.

Vanquished Creatures
  A worm (D:2)
  4 giant geckos
  4 bats (D:1)
  2 goblins (D:1)
  6 hobgoblins
  2 kobolds (D:1)
  A giant cockroach (D:1)
  3 giant newts
  2 rats
25 creatures vanquished.

Notes
Turn   | Place    | Note
--------------------------------------------------------------
     0 | D:1      | hannobal, the High Elf Skald, began the quest for the Orb.
     0 | D:1      | Reached XP level 1. HP: 14/14 MP: 4/4
   528 | D:1      | Reached XP level 2. HP: 19/19 MP: 6/6
  1390 | D:2      | Reached skill level 4 in Long Blades
  1601 | D:2      | Found a basalt altar of Yredelemnul.
  1725 | D:2      | Reached XP level 3. HP: 24/24 MP: 8/8
  1856 | D:2      | Found a blossoming altar of Fedhas.
  1857 | D:2      | Found an ancient bone altar of Kikubaaqudgha.
  1890 | D:2      | Found a snail-covered altar of Cheibriados.
  1966 | D:1      | Slain by a gnoll

Action                   || total
-------------------------++-------
Melee: Falchion          ||    82
       Dagger            ||     1
Throw: Stone             ||    41
 Cast: Infusion          ||     6
  Use: Scroll            ||     7
       Potion            ||     5
 Stab: Sleeping          ||     2
  Eat: Chunk             ||     3
